 Dungeon Crawl Stone Soup version 0.20.0-15-g7f486f2 (console) character file.

383391 removed the Ruinous (level 22, -15/137 HPs)
             Began as a Tengu Ice Elementalist on June 7, 2017.
             Was the Champion of Vehumet.
             Shot with a bolt by a yaktaur captain (41 damage)
             ... on level 4 of the Vaults on June 9, 2017.
             The game lasted 03:13:13 (69338 turns).

removed the Ruinous (Tengu Ice Elementalist)       Turns: 69338, Time: 03:13:14

Health: -15/137    AC: 10    Str: 15    XL:     22   Next: 94%
Magic:  32/51      EV: 31    Int: 24    God:    Vehumet [******]
Gold:   4571       SH:  8    Dex: 23    Spells: 7/51 levels left

rFire    + . .     SeeInvis .   b - staff of cold
rCold    + + .     Gourm    .   q - +2 buckler {rC+}
rNeg     . . .     Faith    .   X - +1 leather armour of the Shoals {+Fly rElec MR+++ Dex-2}
rPois    .         Spirit   .   (helmet restricted)
rElec    +         Reflect  .   L - +1 cloak "Casok" {rF+ MR- Dex+10}
rCorr    .         Harm     .   Z - +2 pair of gloves {Str+3}
MR       ++++.                  (boots unavailable)
Stlth    +++.......             D - amulet "Maabek" {RegenMP rElec Str+2 Stlth+}
Regen    0.4/turn               m - ring of protection from magic
MPRegen  0.5/turn               s - ring of magical power

@: no potions, flying quickly and evasively, very slightly contaminated, quick
A: beak, talons 3, able to fly 2
}: 2/15 runes: serpentine, barnacled
a: Stop Flying, Renounce Religion


You were on level 4 of the Vaults.
You worshipped Vehumet.
Vehumet was exalted by your worship.
You were hungry.

You visited 6 branches of the dungeon, and saw 35 of its levels.
You also visited: Labyrinth, Sewer and Volcano.

You collected 4792 gold pieces.
You spent 221 gold pieces at shops.

Inventory:

Hand Weapons
 a - a +7 double sword of chaos
 e - a +0 blowgun
Missiles
 z - 12 curare-tipped needles
 A - 17 throwing nets (quivered)
Armour
 q - a +2 buckler of cold resistance (worn)
 L - the +1 cloak "Casok" (worn) {rF+ MR- Dex+10}
   (You acquired it on level 1 of the Shoals)

   It affects your dexterity (+10).
   It protects you from fire.
   It affects your resistance to hostile enchantments.
 V - +5 steam dragon scales
 X - the +1 leather armour of the Shoals (worn) {+Fly rElec MR+++ Dex-2}
   (You bought it in a shop on level 2 of the Orcish Mines)

   It affects your dexterity (-2).
   It insulates you from electricity.
   It affects your resistance to hostile enchantments.
   It lets you fly.
 Y - a +2 cloak of poison resistance
 Z - a +2 pair of gloves of strength (worn)
Magical Staves
 b - an uncursed staff of cold (weapon)
 c - an uncursed staff of conjuration
Jewellery
 f - an uncursed ring of protection from fire
 i - an uncursed ring of see invisible
 m - a ring of protection from magic (left hand)
 o - the ring of Qoop {rPois rN+}
   (You found it on level 4 of the Snake Pit)

   [ring of positive energy]

   It protects you from poison.
   It protects you from negative energy.
 s - a ring of magical power (right hand)
 D - the amulet "Maabek" (around neck) {RegenMP rElec Str+2 Stlth+}
   (You found it on level 4 of the Snake Pit)

   [amulet of magic regeneration]

   It increases your magic regeneration.
   It affects your strength (+2).
   It insulates you from electricity.
   It makes you more stealthy.
Wands
 r - a wand of paralysis (9/24)
 w - a wand of iceblast (7/15)
 F - a wand of iceblast (11/15)
 M - a wand of digging (17/24)
Scrolls
 k - a scroll of holy word
 n - 5 scrolls of fear
 v - 6 scrolls of blinking
 B - 2 scrolls of enchant armour
 E - 4 scrolls of magic mapping
 G - 7 scrolls of recharging
 J - 15 scrolls of remove curse
 P - 8 scrolls of fog
 S - 23 scrolls of teleportation
 W - 10 scrolls of identify
Potions
 d - 7 potions of agility
 g - 10 potions of heal wounds
 h - 12 potions of curing
 u - 8 potions of might
 x - 6 potions of haste
 C - a potion of ambrosia
 K - 8 potions of brilliance
 N - 3 potions of cancellation
 O - 3 potions of mutation
 T - 2 potions of magic
 U - 4 potions of resistance
Books
 j - a Grand Grimoire

   Spells                             Type                      Level
   a - Monstrous Menagerie            Summoning                    7
   b - Summon Greater Demon           Summoning                    7
   c - Malign Gateway                 Summoning/Translocation      7
   d - Summon Horrible Things         Summoning                    8
 l - a book of Clouds

   Spells                             Type                      Level
   a - Poisonous Vapours              Poison/Air                   2
   b - Mephitic Cloud                 Conjuration/Poison/Air       3
   c - Conjure Flame                  Conjuration/Fire             3
   d - Freezing Cloud                 Conjuration/Ice/Air          6
   e - Ring of Flames                 Charms/Fire                  7
 H - a book of Battle

   Spells                             Type                      Level
   a - Infusion                       Charms                       1
   b - Shroud of Golubria             Charms/Translocation         2
   c - Song of Slaying                Charms                       2
   d - Spectral Weapon                Hexes/Charms                 3
   e - Regeneration                   Charms/Necromancy            3
 R - a book of Cantrips

   Spells                             Type                      Level
   a - Confusing Touch                Hexes                        1
   b - Animate Skeleton               Necromancy                   1
   c - Summon Small Mammal            Summoning                    1
   d - Apportation                    Translocation                1
Comestibles
 p - 9 fruits
 t - 13 royal jellies
 y - 4 bread rations
 I - 10 meat rations


   Skills:
 - Level 14.0 Fighting
 - Level 14.2 Long Blades
 - Level 7.0 Armour
 - Level 15.0 Dodging
 - Level 2.0 Stealth
 - Level 5.0 Shields
 + Level 15.4 Spellcasting
 - Level 24.0 Conjurations
 - Level 2.2 Charms
 - Level 2.0 Translocations
 + Level 15.5 Ice Magic
 - Level 10.0 Air Magic


You had 7 spell levels left.
You knew the following spells:

 Your Spells              Type           Power        Failure   Level  Hunger
a - Throw Icicle          Conj/Ice       ########     0%          4    None
b - Poison Arrow          Conj/Pois      ######....   1%          6    ####...
c - Freeze                Ice            ####         0%          1    None
d - Sting                 Conj/Pois      ####         1%          1    None
e - Static Discharge      Conj/Air       #######.     0%          3    None
f - Freezing Cloud        Conj/Ice/Air   #######...   1%          6    ####...
g - Ozocubu's Refrigerat  Ice            #######...   1%          6    ####...
h - Lightning Bolt        Conj/Air       #######...   1%          5    ##.....
i - Bolt of Cold          Conj/Ice       ########..   1%          6    ####...
l - Blink                 Tloc           N/A          2%          2    None
o - Ozocubu's Armour      Chrm/Ice       #######.     1%          3    None
A - Apportation           Tloc           ####..       1%          1    None


Dungeon Overview and Level Annotations

Branches:
Dungeon (15/15)            Temple (0/1) D:7            Lair (6/6) D:10
 Shoals (4/4) Lair:4        Snake (4/4) Lair:3        Slime (0/5) Lair:5
    Orc (2/2) D:9             Elf (0/3) Orc:2        Vaults (4/5) D:14
  Crypt (0/3) Vaults:2     Depths (0/5) D:15

Altars:
Ashenzari
Cheibriados
Dithmenos
Elyvilon
Hepliaklqana
Kikubaaqudgha
Okawaru
Qazlal
Ru
Trog
Uskayaw
Vehumet
Zin
Beogh
Jiyva

Shops:
D:8 *   D:12 *   Orc:2 ?[(=*   Snake:1 !   Snake:4 ?   Vaults:1 (   Vaults:3 %

Portals:
Trove: Vaults:1 (give 16 potions of curing)


Innate Abilities, Weirdness & Mutations

You have a beak for a mouth.
You have claws for feet.
You can fly continuously.


Message History

* * * LOW HITPOINT WARNING * * *
The yaktaur wields an arbalest.
The yaktaur shoots a bolt.
The bolt completely misses you.
Unknown command.
Casting: Ozocubu's Refrigeration
Confirm with . or Enter, or press ? or * to list all spells.
You feel a surge of power!
The heat is drained from your surroundings.
You resist.
You feel very cold.
* * * LOW HITPOINT WARNING * * *
The yaktaur captain and the yaktaurs are frozen.
The yaktaur captain is almost dead.
The yaktaur is almost dead.
You kill the yaktaur!
Vehumet accepts your kill.
You feel your power returning.
The yaktaur is severely wounded.
The yaktaur wields an arbalest.
The yaktaur shoots a bolt.
The bolt barely misses you.
The yaktaur captain shoots a bolt.
The bolt hits you!!!
You die...

...# ######## ...# ..
.÷#....# #.)########..
(.))...# #ccc.........
..#÷÷..# #.|....<.....
')##...# #............
...##'## #........%...
...)...# #.@....).....
...'...+ #(...(.......
...##'#########.(..........
++##)..#.......((()).).....
..#)...#...................
..)[...#.......(...........
.)#....#...................
########.......#########...
##'####........# ...


You could see a yaktaur captain and 2 yaktaurs.

Vanquished Creatures
  Vashnia (Snake:2)
  Jorgrun (Shoals:4)
  Frances (D:13)
  Ilsuiw (Shoals:4)
  11 nagarajas
  A tengu reaver (Vaults:4)
  Donald (Shoals:4)
  4 fire giants
  A deep elf sorcerer (Vaults:4)
  A frost giant (Vaults:3)
  Louise (D:14)
  9 vault wardens
  11 ironheart preservers
  5 stone giants
  A vampire knight (Vaults:2)
  Nessos (D:12)
  5 entropy weavers
  Azrael (Snake:3)
  2 deep elf annihilators
  2 ettins
  4 merfolk javelineers (Shoals:4)
  A minotaur (Lab)
  8 yaktaur captains
  2 deep elf death magi
  A great orb of eyes (Vaults:2)
  Josephine (D:11)
  4 fire dragons
  10 merfolk impalers
  2 ice dragons
  12 hydras
  18 vault guards
  A hydra (shapeshifter) (Vaults:3)
  Harold (D:12)
  15 naga warriors
  4 merfolk avatars
  2 catoblepae
  A death knight (Vaults:1)
  8 anacondas
  57 two-headed ogres
  8 satyrs
  9 centaur warriors
  3 death yaks (Lair:6)
  6 merfolk aquamancers
  2 deep troll shamans
  2 alligator snapping turtles
  17 ogre magi
  23 naga sharpshooters
  2 tengu warriors (D:14)
  An orc high priest (D:14)
  6 shock serpents
  Urug (Lair:3)
  5 deep elf knights
  2 salamander mystics
  A shadow wraith (Vaults:4)
  10 sea snakes
  13 deep trolls
  A swamp dragon (Lair:6)
  3 skeletal warriors (Vaults:1)
  2 unseen horrors
  2 glowing orange brains
  39 harpies
  8 naga ritualists
  5 deep elf archers
  A sphinx zombie (Vaults:2)
  4 wizards
  Pikel (D:6)
  14 orc knights
  11 ironbrand convokers
  2 flayed ghosts
  2 lindwurms (Lair:6)
  2 necromancers
  A wolf spider zombie (D:15)
  7 orc sorcerers
  11 deep elf magi
  6 mana vipers
  2 tengu skeletons (Vaults:2)
  13 cyclopes
  29 fauns
  4 oklob plants (Lair:3)
  6 wolf spiders
  21 manticores
  8 salamanders
  38 ugly things
  A human skeleton (Vaults:2)
  12 elephants
  A guardian serpent (shapeshifter) (D:15)
  13 merfolk sirens
  A guardian serpent (Snake:2)
  7 water nymphs
  3 torpor snails
  43 black mambas
  Joseph (D:8)
  A gargoyle (Volcano)
  10 vault sentinels
  35 naga magi
  21 spiny frogs
  4 komodo dragons
  5 freezing wraiths
  9 rime drakes
  An efreet (Volcano)
  4 kobold demonologists
  28 yaktaurs
  2 polar bears
  2 queen bees
  14 trolls
  3 meliai (Lair:4)
  2 guardian mummies (Vaults:1)
  2 jumping spiders
  52 merfolk
  34 slime creatures
  3 wind drakes
  A queen bee (shapeshifter) (Vaults:4)
  22 hippogriffs
  A minotaur skeleton (Lab)
  10 snapping turtles
  A blink frog (shapeshifter) (Vaults:2)
  19 blink frogs
  12 dream sheep
  An ettin zombie (Vaults:2)
  A centaur simulacrum (D:15)
  36 yaks
  A spriggan (Lair:2)
  2 shadows (D:15)
  10 redbacks
  5 wraiths (D:11)
  A spriggan (shapeshifter) (Vaults:3)
  3 vampires (Vaults:2)
  4 wyverns
  13 water elementals
  2 tarantellas (Vaults:2)
  2 fire elementals (Snake:3)
  A basilisk (shapeshifter) (Vaults:1)
  9 basilisks
  3 hungry ghosts
  3 steam dragons
  A harpy simulacrum (D:14)
  4 vampire mosquitoes (D:14)
  A soldier ant (D:13)
  4 acid dragons
  2 insubstantial wisps (D:9)
  4 wargs
  68 nagas
  14 water moccasins
  2 hell hounds (Snake:3)
  5 black bears
  2 phantoms
  10 porcupines
  A meliai simulacrum (D:15)
  A swamp drake (Lair:6)
  36 orc warriors
  5 ice beasts
  2 necrophages
  An ettin simulacrum (Vaults:2)
  8 sky beasts
  45 ogres
  An eye of draining (D:15)
  3 boggarts (Vaults:3)
  34 wolves
  28 centaurs
  28 crocodiles
  The ghost of Mlkhall the Digger, an amateur OpEE (D:3)
  A bullfrog (shapeshifter) (Vaults:3)
  6 big kobolds
  27 bullfrogs
  4 earth elementals (Volcano)
  A wyvern zombie (D:13)
  Dowan (D:6)
  A water moccasin skeleton (D:8)
  8 scorpions
  60 killer bees
  4 howler monkeys
  5 wights (D:11)
  2 electric eels (Lair:3)
  5 jellies
  A human simulacrum (Vaults:1)
  14 crimson imps
  3 quasits
  8 centaur skeletons
  21 orc priests
  6 hounds
  29 orc wizards
  5 centaur zombies
  A gnoll shaman (D:10)
  Crazy Yiuf (D:7)
  2 bullfrog skeletons
  6 iguanas
  6 worker ants
  4 hound skeletons
  Robin (D:4)
  9 gnolls
  11 adders
  3 shadow imps
  2 ufetubi (Vaults:3)
  2 oozes (D:3)
  An adder skeleton (D:9)
  A worm (D:4)
  A dart slug (D:4)
  9 leopard geckos
  137 orcs
  7 giant cockroaches
  12 hobgoblins
  22 jackals
  3 quokkas
  2 ball pythons (D:2)
  13 bats
  6 frilled lizards
  16 goblins
  22 kobolds
  2 leopard gecko skeletons (D:4)
  A quokka skeleton (D:4)
  12 rats
  9 bushes (Shoals:2)
  3 fungi
  99 plants
1993 creatures vanquished.

Vanquished Creatures (collateral kills)
  Menkaure (D:4)
1 creature vanquished.

Vanquished Creatures (others)
  Duvessa (D:6)
  An ogre (Vaults:1)
  4 bushes (Shoals:2)
  17 fungi
  93 plants
  A withered plant (D:8)
117 creatures vanquished.

Grand Total: 2111 creatures vanquished

Notes
Turn   | Place    | Note
-------+----------+-------------------------------------------
     0 | D:1      | removed the Tengu Ice Elementalist began the quest for the Orb.
     0 | D:1      | Reached XP level 1. HP: 10/10 MP: 4/4
   251 | D:1      | Reached XP level 2. HP: 12/15 MP: 3/6
  1025 | D:2      | Found a shadowy altar of Dithmenos.
  1030 | D:2      | Reached XP level 3. HP: 19/19 MP: 5/7
  1378 | D:2      | Reached XP level 4. HP: 13/24 MP: 2/8
  1832 | D:2      | Found a white marble altar of Elyvilon.
  1832 | D:2      | Found a glowing silver altar of Zin.
  1853 | D:2      | Found a radiant altar of Vehumet.
  1866 | D:2      | Found a shattered altar of Ashenzari.
  2022 | D:2      | Became a worshipper of Vehumet
  2355 | D:3      | Noticed a black bear
  2398 | D:3      | Noticed Mlkhall's ghost (amateur OpEE)
  2445 | D:3      | Killed Mlkhall's ghost
  2445 | D:3      | Reached skill level 5 in Ice Magic
  2445 | D:3      | Gained mutation: You can fly. [Tengu growth]
  2445 | D:3      | Reached XP level 5. HP: 28/28 MP: 4/9
  2856 | D:3      | Found a hazy altar of Hepliaklqana.
  2878 | D:3      | Reached XP level 6. HP: 32/32 MP: 6/10
  3485 | D:3      | Reached * piety under Vehumet
  3485 | D:3      | Offered knowledge of Flame Tongue by Vehumet.
  4032 | D:4      | Noticed a phantom
  4330 | D:4      | Reached XP level 7. HP: 14/36 MP: 6/12
  4464 | D:4      | Noticed Robin
  4563 | D:4      | Found a snail-covered altar of Cheibriados.
  4612 | D:4      | Found a glowing drain.
  4624 | Sewer    | Entered a sewer
  4632 | Sewer    | Reached ** piety under Vehumet
  4632 | Sewer    | Offered knowledge of Sting by Vehumet.
  4747 | Sewer    | Learned a level 2 spell: Throw Frost
  4749 | Sewer    | Learned a level 1 spell: Sting
  5126 | D:4      | Killed Robin
  5126 | D:4      | Reached skill level 2 in Conjurations
  5137 | D:4      | Reached skill level 3 in Conjurations
  5290 | D:4      | Noticed Menkaure
  5302 | D:4      | Killed Menkaure
  5302 | D:4      | Reached skill level 4 in Conjurations
  5453 | D:4      | Learned a level 4 spell: Throw Icicle
  5478 | D:4      | Found a sacrificial altar of Ru.
  5569 | D:4      | Found a bloodstained altar of Trog.
  5723 | D:4      | Reached skill level 5 in Conjurations
  6125 | D:5      | Entered Level 5 of the Dungeon
  6499 | D:5      | Offered knowledge of Conjure Flame by Vehumet.
  6505 | D:5      | Reached XP level 8. HP: 38/41 MP: 12/15
  6510 | D:5      | Reached skill level 6 in Conjurations
  6855 | D:5      | Reached skill level 7 in Conjurations
  6950 | D:5      | Reached skill level 8 in Conjurations
  7075 | D:6      | Reached *** piety under Vehumet
  7465 | D:6      | Noticed Duvessa
  7465 | D:6      | Noticed Dowan
  7481 | D:6      | Noticed a hand axe
  7481 | D:6      | Noticed a dagger
  7482 | D:6      | Found a hide-covered altar of Uskayaw.
  7482 | D:6      | Noticed Pikel
  7519 | D:6      | Killed Pikel
  7519 | D:6      | Reached skill level 10 in Conjurations
  7519 | D:6      | Reached XP level 9. HP: 16/45 MP: 4/16
  7775 | D:6      | Reached skill level 11 in Conjurations
  7878 | D:6      | Killed Duvessa
  7925 | D:6      | Killed Dowan
  8094 | D:7      | Reached skill level 5 in Spellcasting
  8636 | D:7      | Offered knowledge of Static Discharge by Vehumet.
  8679 | D:7      | Learned a level 3 spell: Static Discharge
  9041 | D:7      | Found a staircase to the Ecumenical Temple.
  9137 | D:7      | Found a runed door.
  9141 | D:7      | Noticed Crazy Yiuf
  9143 | D:7      | Killed Crazy Yiuf
  9352 | D:8      | Reached skill level 5 in Dodging
  9377 | D:8      | Found Heomaas's Assorted Antiques.
  9384 | D:8      | Noticed Joseph
  9440 | D:8      | Found an ancient bone altar of Kikubaaqudgha.
  9468 | D:8      | Reached skill level 1 in Fighting
  9526 | D:8      | Noticed a two-headed ogre
  9732 | D:8      | Noticed a two-headed ogre
  9745 | D:8      | Killed a two-headed ogre
  9745 | D:8      | Reached skill level 5 in Fighting
  9745 | D:8      | Reached XP level 10. HP: 59/59 MP: 3/20
  9887 | D:8      | Killed Joseph
 10402 | D:8      | Killed a two-headed ogre
 10721 | D:9      | Found a stormy altar of Qazlal.
 10851 | D:9      | Learned a level 2 spell: Blink
 10855 | D:9      | Learned a level 3 spell: Ozocubu's Armour
 10925 | D:9      | Reached **** piety under Vehumet
 11025 | D:9      | Offered knowledge of Airstrike by Vehumet.
 11031 | D:9      | Reached skill level 1 in Charms
 11031 | D:9      | Reached skill level 1 in Translocations
 11109 | D:8      | Learned a level 4 spell: Airstrike
 12343 | D:9      | Reached XP level 11. HP: 64/64 MP: 11/21
 12890 | D:9      | Found a roughly hewn altar of Beogh.
 13297 | D:9      | Found a staircase to the Orcish Mines.
 13842 | D:10     | Entered Level 10 of the Dungeon
 13917 | D:10     | Reached skill level 10 in Air Magic
 14033 | D:10     | Reached skill level 1 in Armour
 14242 | D:10     | Learned a level 1 spell: Apportation
 14273 | D:10     | Reached ***** piety under Vehumet
 14326 | D:10     | Noticed an eight-headed hydra
 14678 | D:10     | Found a staircase to the Lair.
 15226 | D:10     | Offered knowledge of Ozocubu's Refrigeration by Vehumet.
 15415 | D:10     | Noticed a two-headed ogre
 15731 | D:10     | Killed a two-headed ogre
 15932 | D:10     | Killed an eight-headed hydra
 15932 | D:10     | Reached skill level 12 in Conjurations
 16531 | D:11     | Reached skill level 13 in Conjurations
 16753 | D:11     | Reached XP level 12. HP: 70/70 MP: 12/23
 16906 | D:11     | Noticed Josephine
 17262 | D:11     | Killed Josephine
 17262 | D:11     | Reached skill level 14 in Conjurations
 18125 | Lair:1   | Entered Level 1 of the Lair of Beasts
 18426 | Lair:1   | Learned a level 6 spell: Ozocubu's Refrigeration
 18768 | Lair:1   | Noticed a seven-headed hydra
 18772 | Lair:1   | Killed a seven-headed hydra
 19152 | Lair:2   | Offered knowledge of Olgreb's Toxic Radiance by Vehumet.
 19954 | Lair:2   | Reached skill level 10 in Spellcasting
 21002 | Lair:2   | Reached XP level 13. HP: 58/74 MP: 0/28
 21238 | Lair:3   | Found a staircase to the Snake Pit.
 22397 | Lair:3   | Reached skill level 15 in Conjurations
 22520 | Lair:3   | Noticed Urug
 22526 | Lair:3   | Killed Urug
 22602 | Lair:3   | Offered knowledge of Lightning Bolt by Vehumet.
 22843 | Lair:3   | Learned a level 5 spell: Lightning Bolt
 23978 | Lair:4   | Found a staircase to the Shoals.
 25614 | Lair:4   | Gained mutation: You can fly continuously. [Tengu growth]
 25614 | Lair:4   | Reached XP level 14. HP: 84/84 MP: 15/30
 25823 | Lair:4   | Offered knowledge of Fireball by Vehumet.
 27269 | Lair:5   | Found a viscous altar of Jiyva.
 27690 | Lair:5   | Found a staircase to the Slime Pits.
 27975 | Lair:6   | Entered Level 6 of the Lair of Beasts
 28061 | Lair:6   | Reached skill level 1 in Long Blades
 28190 | Lair:6   | Found a dark tunnel.
 28231 | Volcano  | Entered a volcano
 29114 | Lair:6   | Reached skill level 5 in Long Blades
 30572 | Lair:6   | Reached XP level 15. HP: 90/90 MP: 19/32
 30877 | Lair:6   | Offered knowledge of Bolt of Cold by Vehumet.
 30967 | Lair:6   | Learned a level 6 spell: Bolt of Cold
 31051 | Lair:6   | Reached skill level 10 in Long Blades
 32561 | D:12     | Noticed Harold
 32565 | D:12     | Killed Harold
 33368 | D:12     | Noticed Nessos
 33374 | D:12     | Killed Nessos
 33684 | D:12     | Found Maothol's Assorted Antiques.
 33987 | Orc:1    | Entered Level 1 of the Orcish Mines
 34133 | Orc:1    | Offered knowledge of Poison Arrow by Vehumet.
 34215 | D:9      | Learned a level 6 spell: Poison Arrow
 34581 | D:9      | Reached skill level 10 in Ice Magic
 34834 | Orc:1    | Found a roughly hewn altar of Beogh.
 35079 | Orc:2    | Entered Level 2 of the Orcish Mines
 35503 | Orc:2    | Found Fiuc Hot's Assorted Antiques.
 35510 | Orc:2    | Bought a glowing coppery potion for 32 gold pieces
 35585 | Orc:2    | Reached skill level 16 in Conjurations
 35669 | Orc:2    | Found Maegof's Jewellery Emporium.
 35995 | Orc:2    | Found Befuffuck's Weapon Emporium.
 36009 | Orc:2    | Found Ishaug's Antique Armour Shop.
 36031 | Orc:2    | Reached ****** piety under Vehumet
 36031 | Orc:2    | Reached XP level 16. HP: 96/96 MP: 33/33
 36034 | Orc:2    | Reached skill level 17 in Conjurations
 36207 | Orc:2    | Found Peentups's Magic Scroll Shoppe.
 36321 | Orc:2    | Found a staircase to the Elven Halls.
 36591 | Orc:2    | Bought a scorched leather armour for 189 gold pieces
 36601 | Orc:2    | Identified the cursed +1 leather armour of the Shoals {+Fly rElec MR+++ Dex-2} (You bought it in a shop on level 2 of the Orcish Mines)
 36782 | D:13     | Noticed Frances
 36789 | D:13     | Killed Frances
 37204 | D:13     | Offered knowledge of Conjure Ball Lightning by Vehumet.
 37573 | D:13     | Reached skill level 18 in Conjurations
 38250 | D:14     | Reached skill level 1 in Shields
 38340 | D:14     | Noticed Louise
 38345 | D:14     | Killed Louise
 38603 | D:14     | Reached skill level 5 in Shields
 39078 | D:14     | Found a gate to the Vaults.
 39896 | D:15     | Entered Level 15 of the Dungeon
 40029 | D:15     | Offered knowledge of Fire Storm by Vehumet.
 40029 | D:15     | Offered knowledge of Glaciate by Vehumet.
 40029 | D:15     | Offered knowledge of Tornado by Vehumet.
 40183 | D:15     | Found a labyrinth entrance.
 40204 | Lab      | Entered a labyrinth
 40412 | Lab      | Got a bone flail
 40414 | Lab      | Identified the +6 flail of Broken Luck {flame, +Inv rN++ Str-3} (You found it in a labyrinth)
 40719 | D:15     | Reached XP level 17. HP: 96/100 MP: 23/35
 40942 | D:15     | Learned a level 6 spell: Freezing Cloud
 41493 | D:15     | Found a staircase to the Depths.
 42805 | Snake:1  | Entered Level 1 of the Snake Pit
 43094 | Snake:1  | Found Yplawk's Distillery.
 43437 | Snake:1  | Found an iron altar of Okawaru.
 44207 | Snake:2  | Noticed Vashnia
 44209 | Snake:2  | Reached skill level 5 in Armour
 45060 | Snake:2  | Killed Vashnia
 45611 | Snake:2  | Identified the Tome of Shifting Stolen Souls
 46211 | Snake:2  | Reached skill level 10 in Dodging
 46263 | Snake:3  | Reached skill level 10 in Fighting
 46436 | Snake:2  | Reached XP level 18. HP: 97/107 MP: 37/37
 47244 | Snake:3  | Noticed Azrael
 47245 | Snake:3  | Killed Azrael
 47899 | Snake:3  | Upgraded the game from 0.20.0-10-g0535bb4 to 0.20.0-14-g326068f
 47929 | Snake:4  | Entered Level 4 of the Snake Pit
 48537 | Snake:4  | Found a transporter.
 48583 | Snake:4  | Found a transporter.
 49144 | Snake:4  | Found Couwoe's Magic Scroll Shoppe.
 50386 | Snake:4  | Got a serpentine rune of Zot
 50517 | Snake:4  | Reached XP level 19. HP: 117/117 MP: 28/38
 50970 | Snake:4  | Got a wavering golden ring
 50985 | Snake:4  | Identified the ring of Qoop {rPois rN+} (You found it on level 4 of the Snake Pit)
 50989 | Snake:4  | Got a scintillating diamond amulet
 50991 | Snake:4  | Identified the amulet "Maabek" {RegenMP rElec Str+2 Stlth+} (You found it on level 4 of the Snake Pit)
 51153 | Shoals:1 | Entered Level 1 of the Shoals
 51979 | Shoals:1 | Reached skill level 19 in Conjurations
 52327 | Shoals:1 | Identified 2 scrolls of acquirement
 52328 | Shoals:1 | Got a jewelled cloak
 52339 | Shoals:1 | Identified the +1 cloak "Casok" {rF+ MR- Dex+10} (You acquired it on level 1 of the Shoals)
 53283 | Shoals:2 | Got a faintly glowing robe
 53294 | Shoals:2 | Identified the +0 robe of the Past {+Fly Regen+ Int-3 Dex+2} (You found it on level 2 of the Shoals)
 53437 | Shoals:2 | Reached skill level 20 in Conjurations
 54424 | Shoals:3 | Got a bone halberd
 56207 | Shoals:4 | Entered Level 4 of the Shoals
 56211 | Shoals:4 | Reached XP level 20. HP: 105/123 MP: 36/39
 56339 | Shoals:4 | Noticed Ilsuiw
 56354 | Shoals:4 | Killed Ilsuiw
 57282 | Shoals:4 | Noticed Jorgrun
 57523 | Shoals:4 | Killed Jorgrun
 57523 | Shoals:4 | Reached skill level 15 in Ice Magic
 58236 | Shoals:4 | Got a fine hand crossbow
 58493 | Shoals:4 | Noticed Donald
 58495 | Shoals:4 | Killed Donald
 58515 | Shoals:4 | Got a polished shield
 58528 | Shoals:4 | Identified the cursed +0 shield of Xaets {-Cast Dex+5} (You took it off Donald on level 4 of the Shoals)
 58576 | Shoals:4 | Got a barnacled rune of Zot
 59427 | Vaults:1 | Entered Level 1 of the Vaults
 59893 | Vaults:1 | Reached skill level 15 in Spellcasting
 60800 | Vaults:1 | Reached skill level 21 in Conjurations
 60831 | Vaults:1 | Reached XP level 21. HP: 120/128 MP: 30/41
 61002 | Vaults:1 | Found a portal to a secret trove of treasure.
 61817 | Vaults:1 | Found Ohovas's Weapon Boutique.
 61860 | Vaults:1 | Upgraded the game from 0.20.0-14-g326068f to 0.20.0-15-g7f486f2
 61958 | Vaults:2 | Reached skill level 22 in Conjurations
 64421 | Vaults:2 | Found a staircase to the Crypt.
 65118 | Vaults:3 | Reached XP level 22. HP: 52/137 MP: 35/42
 66214 | Vaults:3 | Reached skill level 15 in Dodging
 66740 | Vaults:3 | Reached skill level 23 in Conjurations
 67303 | Vaults:3 | Found Boyhiupu's Food Shoppe.
 68167 | Vaults:4 | Reached skill level 24 in Conjurations
 69338 | Vaults:4 | Shot with a bolt by a yaktaur captain

Skill      XL: |  1  2  3  4  5  6  7  8  9 10 11 12 13 14 15 16 17 18 19 20 21 22 |
---------------+-------------------------------------------------------------------+-----
Ice Magic      | 3 4 5 6 8 9 10 12 13 15 | 15.5
Spellcasting   | 3 4 6 7 10 11 12 13 14 15 | 15.4
Conjurations   | 5 10 11 13 14 15 16 18 20 21 22 24 | 24.0
Dodging        | 5 6 8 9 10 12 14 15 | 15.0
Fighting       | 5 6 8 9 10 12 14 | 14.0
Air Magic      | 9 10 | 10.0
Charms         | 2 |  2.2
Translocations | 2 |  2.0
Armour         | 3 7 |  7.0
Long Blades    | 8 12 13 14 | 14.2
Shields        | 5 |  5.0
Stealth        | |  2.0

Action                   |  1- 3 |  4- 6 |  7- 9 | 10-12 | 13-15 | 16-18 | 19-21 | 22-24 || total
-------------------------+-------+-------+-------+-------+-------+-------+-------+-------++-------
Melee: Short sword       |    40 |    77 |    60 |   112 |       |       |       |       ||   289
       Peck              |     5 |     7 |    10 |    15 |    22 |    30 |    11 |     1 ||   101
       Kick              |     7 |    20 |    15 |    30 |    41 |    31 |    29 |     1 ||   174
       Staff             |       |       |       |     5 |    13 |     5 |     7 |     1 ||    31
       Double sword      |       |       |       |       |   101 |   118 |    44 |     1 ||   264
 Cast: Freeze            |    47 |   109 |   158 |   247 |   188 |       |       |       ||   749
       Sting             |       |       |     6 |       |       |       |       |       ||     6
       Throw Frost       |       |       |    20 |     2 |     1 |       |       |       ||    23
       Throw Icicle      |       |       |    31 |   154 |   474 |   708 |   510 |   152 ||  2029
       Static Discharge  |       |       |       |   142 |    58 |       |       |       ||   200
       Airstrike         |       |       |       |    32 |       |       |       |       ||    32
       Lightning Bolt    |       |       |       |       |    22 |     4 |    24 |     3 ||    53
       Ozocubu's Armour  |       |       |       |       |    11 |    22 |    49 |    17 ||    99
       Ozocubu's Refrige |       |       |       |       |    26 |    48 |   128 |    23 ||   225
       Bolt of Cold      |       |       |       |       |    27 |    75 |    68 |    41 ||   211
       Blink             |       |       |       |       |       |     1 |     1 |       ||     2
       Freezing Cloud    |       |       |       |       |       |    18 |     1 |       ||    19
       Poison Arrow      |       |       |       |       |       |     1 |    92 |    38 ||   131
 Abil: Fly               |       |       |       |    17 |     5 |       |       |       ||    22
Evoke: Fan of gales      |       |       |     1 |       |       |       |       |       ||     1
       Phantom mirror    |       |       |     1 |       |       |       |       |       ||     1
       Wand              |       |       |       |     2 |       |     2 |     1 |       ||     5
  Use: Scroll            |       |     3 |    12 |     3 |    25 |    11 |     8 |     1 ||    63
       Potion            |       |       |       |     1 |       |     1 |     1 |       ||     3
 Stab: Sleeping          |       |       |     1 |       |       |       |       |       ||     1
       Distracted        |       |       |       |     1 |       |       |       |       ||     1
  Eat: Chunk             |     2 |    11 |    21 |    34 |    66 |    38 |    88 |    26 ||   286
       Fruit             |       |       |     1 |     4 |     2 |    12 |       |     2 ||    21
       Royal jelly       |       |       |       |     1 |     1 |     5 |     4 |       ||    11
       Bread ration      |       |       |       |     3 |     1 |     2 |     1 |     1 ||     8
       Meat ration       |       |       |       |     1 |       |     3 |     1 |       ||     5
Armor: Robe              |    25 |    62 |    56 |    51 |       |       |       |       ||   194
       Steam dragon scal |       |       |       |   189 |   119 |   115 |    73 |       ||   496
       Leather armour    |       |       |       |       |       |       |    36 |     9 ||    45
Dodge: Dodged            |    61 |   105 |   116 |   488 |   478 |   271 |   456 |    93 ||  2068
Block: Buckler           |       |       |       |       |       |   105 |   165 |    39 ||   309
       Rpst.: Double sword |       |       |       |       |    21 |    15 |     3 |     2 ||    41
